 Dungeon Crawl Stone Soup version 0.27.1-34-g3ba077fa99 (webtiles) character file.

Game seed: 15544087870741651323

118 comborobin the Covert (level 4, -2/34 HPs)
             Began as a Vampire Delver on Jan 8, 2022.
             Slain by an iguana (6 damage)
             ... on level 4 of the Dungeon.
             The game lasted 00:00:36 (465 turns).

comborobin the Covert (Vampire Delver)               Turns: 465, Time: 00:00:37

Health: -2/34      AC:  3    Str: 12    XL:     4   Next: 72%
Magic:  4/4        EV: 12    Int: 12    God:
Gold:   14         SH:  0    Dex: 15    Spells: 3/3 levels left

rFire    . . .     SeeInvis +   a - +0 short sword
rCold    . . .     Faith    .   (no shield)
rNeg     . . .     Spirit   .   b - +0 leather armour
rPois    .         Reflect  .   (no helmet)
rElec    .         Harm     .   (no cloak)
rCorr    .         Rampage  .   (no gloves)
Will     .....                  (no boots)
Stlth    ++++......             (no amulet)
HPRegen  0.31/turn              (no ring)
MPRegen  0.09/turn              (no ring)

@: healing quickly
A: alive, fangs 3, see invisible, vampiric 2
a: Exsanguinate


You were on level 4 of the Dungeon.
You visited 1 branch of the dungeon, and saw 3 of its levels.

You collected 14 gold pieces.

Inventory:

Hand Weapons
 a - a +0 short sword (weapon)
Armour
 b - a +0 leather armour (worn)
Wands
 g - a wand of digging (3)
Scrolls
 c - a scroll of fog
 d - a scroll of magic mapping
 e - a scroll of fear
 h - 4 scrolls of identify {unknown}
Potions
 f - a potion of haste


   Skills:
 - Level 2.6 Fighting
 + Level 4.9 Short Blades
 - Level 2.1 Dodging
 + Level 8.1 Stealth


You had 3 spell levels left.
You didn't know any spells.
Your spell library was empty.

Dungeon Overview and Level Annotations

Branches:
Dungeon (6/15)
 Temple: D:4-7

Altars:


Innate Abilities, Weirdness & Mutations

Your natural rate of healing is accelerated.
You have razor-sharp teeth.
You have supernaturally acute eyesight. (SInv)
You are afflicted with vampirism and can become a bat while bloodless.


Message History

The adder bites you.
You closely miss the adder.
The adder is almost dead.
The adder completely misses you.
You hit the adder.
You kill the adder!
You see here an adder corpse.
You hit the iguana but do no damage. The iguana bites you.
You hit the iguana but do no damage. Your bite misses the iguana.
The iguana bites you.
You see here a +0 club.
You hit the iguana.
The iguana is moderately wounded.
The iguana barely misses you.
You hit the iguana.
The iguana is heavily wounded.
The iguana bites you.
You completely miss the iguana. You bite the iguana.
The iguana is heavily wounded.
The iguana bites you!
* * * LOW HITPOINT WARNING * * *
You barely miss the iguana.
The iguana is heavily wounded.
You hit the iguana.
The iguana is severely wounded.
The iguana closely misses you. The iguana bites you.
* * * LOW HITPOINT WARNING * * *
The iguana bites you but does no damage.
Okay, then.
You hit the iguana.
The iguana is severely wounded.
You closely miss the iguana.
The iguana is severely wounded.
The iguana bites you!
* * * LOW HITPOINT WARNING * * *
You hit the iguana. You bite the iguana, but do no damage.
The iguana is almost dead.
The iguana bites you.
You die...

#.###...............
#..................
#...............#
#...............#
#...............#
#....####+#.#######
#..................
#....####.#.#######
#.>...@l...........
#.#########.#######
#.# ..#.# #.#
#####.#.#####... #.#
#...#.#......... #.#
#.#.....#####... #.#
#.###.#.# #.
#...#.#.# ###.#.#..


You could see an iguana.

Vanquished Creatures
  A bullfrog (D:6)
  A howler monkey (D:6)
  2 adders
4 creatures vanquished.

Notes
Turn   | Place    | Note
-------+----------+-------------------------------------------
     0 | D:5      | comborobin the Vampire Delver began the quest for the Orb.
     0 | D:5      | Reached XP level 1. HP: 17/17 MP: 1/1
     3 | D:6      | Noticed a howler monkey
     5 | D:6      | Noticed a bullfrog
    10 | D:6      | Killed a howler monkey
    11 | D:6      | Reached XP level 2. HP: 23/23 MP: 2/2
    11 | D:6      | Gained mutation: You are afflicted with vampirism and can
                  | become a bat while bloodless. [Vampire growth]
    11 | D:6      | Reached XP level 3. HP: 28/28 MP: 3/3
    15 | D:6      | Killed a bullfrog
    16 | D:6      | Reached XP level 4. HP: 34/34 MP: 4/4
    17 | D:6      | Noticed a centaur warrior zombie
    22 | D:6      | Noticed a scorpion
    52 | D:5      | Reached skill level 8 in Stealth
   465 | D:4      | Slain by an iguana

Illustrated notes

Levels and vault maps discovered:
D:4:      layout_basic, hangedman_decor_diamond_cutter, uniq_eustachio
D:5:      layout_loops_ring
D:6:      cheibrodos_fzero, layout_basic, serial_shops,
          nicolae_shop_statue_plus, nicolae_ossuary_entry_ruins,
          serial_corexii_hall, chequers_hall_statues_wall_a,
          corexii_hall_statues_x, hangedman_decor_lopped, st_stairs_10

Skill      XL: |  1  2  3  4 |
---------------+-------------+-----
Short Blades   | 4 |  4.9
Stealth        | 8 |  8.1
Fighting       | |  2.6
Dodging        | |  2.1

Action                   |  1- 3 |  4- 6 || total
-------------------------+-------+-------++-------
Melee: Short sword       |     2 |    30 ||    32
       Bite              |       |     5 ||     5
 Stab: Sleeping          |     2 |       ||     2
Armor: Leather armour    |       |     5 ||     5
Dodge: Dodged            |       |    16 ||    16
